 Dungeon Crawl Stone Soup version 0.28.0-1-gb440e238dd (webtiles) character file.

Game seed: 6384613503793407934

283 Thatpatchoflichen the Twirler (level 6, 0/47 HPs)
             Began as a Demonspawn Gladiator on Feb 20, 2022.
             Was a Plaything of Xom.
             Killed by divine providence
             ... invoked by an orc priest
              (9 damage)
             ... on level 4 of the Dungeon.
             The game lasted 00:09:50 (2626 turns).

Thatpatchoflichen the Twirler (DsGl)                Turns: 2626, Time: 00:09:51

Health: 0/47       AC: 11    Str: 16    XL:     6   Next: 7%
Magic:  6/6        EV: 12    Int:  9    God:    Xom [.*....]
Gold:   56         SH:  0    Dex: 15    Spells: 5/5 levels left

rFire   . . .      SeeInvis .   a - +0 quarterstaff
rCold   . . .      Faith    .   (shield currently unavailable)
rNeg    . . .      Spirit   .   m - +0 chain mail
rPois   .          Reflect  .   c - +0 helmet
rElec   .          Harm     .   (no cloak)
rCorr   .          Rampage  .   o - +0 pair of gloves
Will    .....                   (no boots)
Stlth   ..........              (no amulet)
HPRegen 0.15/turn               f - +4 ring of evasion
MPRegen 0.10/turn               (no ring)

@: no status effects
A: powered by death 2, demonic magic 2
a: Renounce Religion


You were on level 4 of the Dungeon.
You worshipped Xom.
You were a plaything of Xom.
You visited 1 branch of the dungeon, and saw 4 of its levels.

You collected 56 gold pieces.

Inventory:

Hand Weapons
 a - a +0 quarterstaff (weapon)
 t - a +3 dagger of draining
Missiles
 d - 3 throwing nets (quivered)
 e - 48 stones
 h - 9 poisoned darts
 k - 8 sling bullets
 n - 5 javelins
 q - a boomerang
Armour
 c - a +0 helmet (worn)
 m - a +0 chain mail (worn)
 o - a +0 pair of gloves (worn)
 s - a +0 buckler
Jewellery
 f - a +4 ring of evasion (left hand)
 r - a ring of fire
Wands
 p - a wand of charming (4)
Scrolls
 g - a scroll of noise {unknown}
 i - 3 scrolls of magic mapping {unknown}
 j - 4 scrolls of identify {unknown}
 v - a scroll of enchant armour {unknown}
 x - a scroll of teleportation {unknown}
Potions
 b - 2 potions of attraction {unknown}
 l - a potion of mutation {unknown}
 u - a potion of brilliance {unknown}
 w - a potion of lignification {unknown}


   Skills:
 + Level 3.5 Fighting
 + Level 3.9 Staves
 - Level 1.8 Throwing
 + Level 2.3 Armour
 + Level 3.8 Dodging
 + Level 0.3 Shields


You had 5 spell levels left.
You didn't know any spells.
Your spell library contained the following spells:

 Spells                   Type           Power      Damage    Failure   Level
 Ignite Poison            Fire/Tmut/Pois 0%         N/A       100%        3
 Mephitic Cloud           Conj/Pois/Air  0%         N/A       100%        3
 Freezing Cloud           Conj/Ice/Air   0%         6-21      100%        5


Dungeon Overview and Level Annotations

Branches:
Dungeon (4/15)
 Temple: D:4-7

Altars:
Cheibriados
Xom


Innate Abilities, Weirdness & Mutations

You regenerate health from kills.
Spells you cast may paralyse nearby enemies.


Message History

You closely miss the hound.
The hound is moderately wounded.
The orc closely misses you. The hound bites you.
The orc hits you but does no damage. The orc hits you with a +0 war axe!
You hit the hound.
The hound is heavily wounded.
The hound closely misses you. The orc hits you with a +0 club.
The hound bites you. The orc closely misses you.
The orc priest hits you with a +0 hand axe.
The orc closely misses you. The orc hits you but does no damage.
You hit the hound but do no damage.
The hound is heavily wounded.
The hound bites you but does no damage. The orc hits you with a +0 club.
The orc priest hits you with a +0 hand axe.
* * * LOW HITPOINT WARNING * * *
The orc barely misses you. The hound bites you but does no damage.
The orc hits you but does no damage. "Heh heh heh..."
The hound looks rather confused.
The orc looks rather confused. x4
The orc priest looks rather confused.
The orc hits the hound with a +0 club.
The orc completely misses you.
The orc seems less confused.
The hound completely misses the orc.
The orc hits the hound with a +0 club.
The orc closely misses you.
The hound barely misses the orc.
The orc priest seems less confused.
The hound seems less confused.
The orc seems less confused.
Found a short sword.
The orc priest curses noisily.
The orc priest calls down the wrath of Beogh upon you.
Beogh smites you!
* * * LOW HITPOINT WARNING * * *
The hound barely misses you. x2
The orc hits you but does no damage. The hound bites you but does no damage.
The orc priest hits you but does no damage.
The hound bites you but does no damage.
The orc priest calls down the wrath of Beogh upon you.
Beogh smites you!
You die...
Xom is highly amused!

..# .###..## #...#.#
.## #.# ##.....# ..#
.. ###...##.# ....#
#.####....###...
......# #.#.......#
..#.. ####...
#......†.## .##.. #
#.. ##.......##.# .
# #. ##...........#
. )# ##@h.o.......##
..##...oo.......#
.................#
..#...........####.#
##....#....### ##
##........###
...........## S
.....#......#
.###.......##


You could see a hound, an orc priest and 2 orcs.

Vanquished Creatures
  A scorpion (D:3)
  An orc priest (D:3)
  A centaur skeleton (D:4)
  2 orc wizards (D:3)
  2 adders (D:2)
  2 dart slugs (D:3)
  15 orcs
  7 ball pythons
  5 bats
  4 endoplasms
  3 giant cockroaches
  6 goblins
  8 hobgoblins
  2 jackals (D:4)
  3 quokkas (D:1)
  3 frilled lizards
  8 kobolds
  6 rats
79 creatures vanquished.

Notes
Turn   | Place    | Note
-------+----------+-------------------------------------------
     0 | D:1      | Thatpatchoflichen the Demonspawn Gladiator began the quest
                  | for the Orb.
     0 | D:1      | Reached XP level 1. HP: 16/16 MP: 1/1
   168 | D:1      | Gained mutation: You regenerate a little health from kills.
                  | [demonic ancestry]
   168 | D:1      | Reached XP level 2. HP: 22/22 MP: 2/2
   331 | D:1      | Found a faded altar of an unknown god.
   336 | D:1      | Prayed at the altar of an unknown god.
   336 | D:1      | Became a worshipper of Xom the Less-Predictable
   372 | D:1      | XOM: divination: magic mapping
   396 | D:1      | XOM: silly message
   486 | D:1      | XOM: silly message
   859 | D:2      | Found a snail-covered altar of Cheibriados.
   960 | D:2      | Gained mutation: You regenerate health from kills. [demonic
                  | ancestry]
   960 | D:2      | Reached XP level 3. HP: 28/28 MP: 3/3
  1086 | D:2      | Reached skill level 1 in Armour
  1417 | D:3      | XOM: potion effect (heal wounds)
  1418 | D:3      | Gained mutation: Spells you cast may paralyse adjacent
                  | enemies. [demonic ancestry]
  1418 | D:3      | Reached XP level 4. HP: 34/34 MP: 4/4
  1520 | D:3      | Noticed a scorpion
  1521 | D:3      | XOM: potion effect (might)
  1532 | D:3      | Killed a scorpion
  1533 | D:3      | Reached XP level 5. HP: 19/41 MP: 5/5
  1703 | D:3      | XOM: silly message
  2524 | D:4      | XOM: divination: detect creatures
  2557 | D:4      | XOM: silly message
  2559 | D:4      | XOM: potion effect (invisibility)
  2579 | D:4      | Gained mutation: Spells you cast may paralyse nearby
                  | enemies. [demonic ancestry]
  2579 | D:4      | Reached XP level 6. HP: 47/47 MP: 6/6
  2604 | D:4      | XOM: confuse monster(s)
  2626 | D:4      | Killed from afar by an orc priest

Illustrated notes

Levels and vault maps discovered:
D:1:      nzn_arrival_depleted_hourglass, layout_rooms,
          hellmonk_ecumenical_altar_leap_of_faith
D:2:      layout_loops_ring, basic_altar, chequers_decorated_corner
D:3:      layout_basic, chequers_serial_rivers_marsh, feat_on_display
D:4:      layout_layer_cave, nicolae_dithmenos_through_a_glass_darkly,
          mainiacjoe_overflow_paths, uniq_duvessa

Skill      XL: |  1  2  3  4 |
---------------+-------------+-----
Staves         | 3 |  3.9
Dodging        | 3 |  3.8
Armour         | 1 2 |  2.3
Fighting       | 3 |  3.5
Throwing       | |  1.8
Shields        | |  0.3

Action                   |  1- 3 |  4- 6 || total
-------------------------+-------+-------++-------
Melee: Quarterstaff      |   115 |   125 ||   240
 Stab: Invisible         |       |     2 ||     2
Armor: Leather armour    |    14 |       ||    14
       Ring mail         |    11 |       ||    11
       Chain mail        |    22 |    79 ||   101
Dodge: Dodged            |   115 |   118 ||   233
